 Dungeon Crawl Stone Soup version 0.30.1-11-g7821555f0a (webtiles) character file.

Game seed: 3740425511770094331

1839 Martska the Trooper (level 8, -6/71 (74) HPs)
             Began as a Red Draconian Fighter on Dec 10, 2023.
             Killed from afar by a white imp (9 damage)
             ... with a puff of frost
             ... on level 6 of the Dungeon.
             The game lasted 00:10:32 (5182 turns).

Martska the Trooper (Red Draconian Fighter)         Turns: 5182, Time: 00:10:33

HP:   -6/71 (74)    AC:  6    Str: 21    XL:     8   Next: 87%
MP:   14/14         EV: 28    Int:  8    God:
Gold: 181           SH:  4    Dex: 11    Spells: 15/15 levels left

rFire   + . .        A - +4 flail (heavy)
rCold   . . .        b - +0 buckler
rNeg    . . .        (body armour unavailable)
rPois   +            (helmet restricted)
rElec   .            (no cloak)
rCorr   .            (no gloves)
SInv    .            (no boots)
Will    .....        m - amulet of the acrobat
Stlth   +            y - ring of poison resistance
HPRegen 0.31/turn    (no ring)
MPRegen 0.14/turn

%: acrobat
@: acrobatic, lightly drained
A: breathe fire, AC +6, unfitting armour, fire resistance 1, cold-blooded
a: Breathe Fire


You were on level 6 of the Dungeon.
You visited 1 branch of the dungeon, and saw 6 of its levels.

You collected 211 gold pieces.
You spent 30 gold pieces at shops.

Inventory:

Hand Weapons
 a - a +0 trident
 v - a +1 flail of protection
 A - a +4 heavy flail (weapon)
Armour
 b - a +0 buckler (worn)
 l - a +0 helmet
Jewellery
 m - an amulet of the acrobat (around neck)
 r - a ring of ice
 y - a ring of poison resistance (left hand)
Wands
 e - a wand of charming (11)
 C - a wand of flame (16)
Scrolls
 d - 2 scrolls of fog
 f - a scroll of noise {unknown}
 g - a scroll of immolation {unknown}
 i - 2 scrolls of summoning {unknown}
 k - a scroll of brand weapon {unknown}
 n - 4 scrolls of enchant armour
 t - 3 scrolls of teleportation
 u - a scroll of enchant weapon {unknown}
 x - a scroll of fear {unknown}
 z - a scroll of poison {unknown}
 D - 2 scrolls of amnesia {unknown}
Potions
 c - 4 potions of might
 h - 2 potions of degeneration
 j - a potion of resistance {unknown}
 o - a potion of invisibility {unknown}
 p - 2 potions of brilliance
 q - a potion of lignification {unknown}
 s - 2 potions of curing
 w - a potion of attraction {unknown}
 B - a potion of cancellation {unknown}


   Skills:
 * Level 7.9 Fighting
 * Level 3.7 Maces & Flails
 - Level 3.4 Polearms
 + Level 5.8 Dodging
 - Level 4.3 Shields
 * Level 4.1 Spellcasting


You had 15 spell levels left.
You didn't know any spells.
Your spell library contained the following spells:

 Spells                   Type           Power      Damage    Failure   Level
 Sandblast                Erth           2%         2d4       34%         1
 Passwall                 Tmut/Erth      0%         N/A       47%         2
 Sublimation of Blood     Necr           1%         N/A       47%         2
 Wereblood                Tmut           1%         N/A       47%         2
 Stone Arrow              Conj/Erth      2%         3d7       71%         3
 Vhi's Electric Charge    Tloc/Air       2%         N/A       71%         3
 Arcjolt                  Conj/Air       0%         1d10      100%        5
 Summon Hydra             Summ           0%         N/A       100%        7
 Maxwell's Capacitive Co  Air            0%         ∞         100%        8


Dungeon Overview and Level Annotations

Branches:
Dungeon (6/15)
 Temple: D:4-7

Altars:
Sif Muna
Xom

Shops:
D:2 *   D:4 [


Innate Abilities, Weirdness & Mutations

You can breathe blasts of fire.
Your fiery red scales are hard. (AC +6)
You cannot fit into any form of body armour.
Your flesh is heat resistant. (rF+)
You are cold-blooded and may be slowed by cold attacks.


Message History

The white imp shouts!
The white imp puffs mist at you. The wight attacks as you move away!
The wight completely misses you.
You bludgeon the wight!!
You destroy the wight!
The wight hits you from afar with a +5 trident!
Your Spellcasting skill increases to level 4!
The wight completely misses you. You block the wight's attack.
Things that are here:
a +3 long sword; a +0 robe The wight attacks as you move away!
The wight completely misses you. The wight attacks as you move away!
The wight completely misses you. You block the wight's attack.
The wight attacks as you move away! The wight hits you with a +5 battleaxe.
You have got your breath back.
You barely miss the wight. You block the wight's attack.
The wight hits you from afar with a +5 trident!
You feel drained. The wight hits you with a +5 battleaxe! The wight misses you.
You hit the wight.
The wight is moderately damaged.
You block the wight's attack. x2; The wight hits you with a +5 battleaxe!
The wight hits you from afar with a +5 trident!
* * * LOW HITPOINT WARNING * * *
You hit the wight but do no damage.
The wight is moderately damaged.
The wight barely misses you. You block the wight's attack.
The wight closely misses you. x2
You bludgeon the wight!!
You destroy the wight!
The wight hits you from afar with a +5 trident!
* * * LOW HITPOINT WARNING * * *
You feel drained.
* * * LOW HITPOINT WARNING * * *
The wight hits you from afar with a +5 trident.
* * * LOW HITPOINT WARNING * * *
You feel drained.
* * * LOW HITPOINT WARNING * * *
The white imp gestures at you. The puff of frost hits you!
You die...

................. .
..................###
............# #.#...
............# #...# #
............###.#.###.#
....|...###...........#
...††..<###..........#
#.#...............####
#.####..###..#..@.###
.....#..#...........#
.#......#.#...z...###
...............>#.#
........#.##z##.#.#
...........#)##.###
...........#)##5####
...........#.z......
.............##.#.##


You could see 2 wights and a white imp.

Vanquished Creatures
  A two-headed ogre (D:5)
  Edmund (D:5)
  A black bear (D:4)
  A bullfrog (D:6)
  A scorpion (D:4)
  2 wights (D:6)
  A howler monkey (D:5)
  4 crimson imps (D:5)
  2 orc priests
  A hound (D:5)
  6 orc wizards (D:4)
  5 iguanas
  Natasha (twice) (D:3 D:2)
  4 gnolls
  8 adders
  A shadow imp (D:5)
  An ufetubus (D:3)
  A worm (D:2)
  6 dart slugs
  11 orcs
  3 ball pythons
  8 endoplasms
  5 giant cockroaches
  6 goblins (D:1)
  6 hobgoblins
  2 jackals (D:3)
  6 quokkas
  2 bats
  3 kobolds
  7 rats
108 creatures vanquished.

Vanquished Creatures (others)
  An orc wizard (D:4)
  A dart slug (D:6)
  An orc (D:2)
3 creatures vanquished.

Grand Total: 111 creatures vanquished

Notes
Turn   | Place    | Note
-------+----------+-------------------------------------------
     0 | D:1      | Martska the Draconian Fighter began the quest for the Orb.
     0 | D:1      | Reached XP level 1. HP: 19/19 MP: 1/1
   352 | D:1      | Reached XP level 2. HP: 22/26 MP: 2/2
   453 | D:1      | Found a faded altar of an unknown god.
   783 | D:1      | Reached XP level 3. HP: 21/33 MP: 3/3
  1283 | D:2      | Reached skill level 4 in Fighting
  1529 | D:2      | Reached XP level 4. HP: 40/40 MP: 4/4
  2083 | D:2      | Found Deakh's General Store.
  2091 | D:2      | Bought a scroll of teleportation for 30 gold pieces
  2337 | D:3      | Noticed Natasha
  2342 | D:3      | Killed Natasha
  2350 | D:3      | Found a shimmering blue altar of Sif Muna.
  2457 | D:3      | Reached XP level 5. HP: 22/47 MP: 5/5
  2501 | D:3      | Noticed Natasha
  2660 | D:2      | Killed Natasha
  2836 | D:3      | You fall into a shaft and drop 1 floor!
  3116 | D:4      | Reached skill level 5 in Fighting
  3127 | D:4      | Reached XP level 6. HP: 48/56 MP: 6/6
  3337 | D:4      | Noticed an animated crystal plate armour
  3340 | D:4      | Found Wedeocre's Armour Shop.
  3342 | D:4      | Noticed an animated crystal plate armour
  3438 | D:4      | Your scales start taking on a fiery red colour.
  3438 | D:4      | Reached XP level 7. HP: 55/62 MP: 7/7
  3438 | D:4      | Gained mutation: Your flesh is heat resistant. (rF+) [Red
                  | Draconian growth]
  3578 | D:4      | Reached skill level 6 in Fighting
  3582 | D:4      | Reached skill level 5 in Dodging
  3666 | D:5      | Entered Level 5 of the Dungeon
  3708 | D:5      | Noticed Edmund
  3719 | D:5      | Reached skill level 1 in Spellcasting
  3725 | D:5      | HP: 1/63 [Edmund/+4 heavy flail (12)]
  3726 | D:5      | Killed Edmund
  4046 | D:5      | Noticed a two-headed ogre
  4054 | D:5      | HP: 1/64 [two-headed ogre/+0 giant spiked club (10)]
  4056 | D:5      | Killed a two-headed ogre
  4057 | D:5      | Reached skill level 7 in Fighting
  4057 | D:5      | Reached XP level 8. HP: 3/73 MP: 10/13
  4070 | D:5      | HP: 1/73 [orc/puff of flame (4)]
  4606 | D:5      | Found a shimmering altar of Xom.
  5178 | D:6      | HP: 3/70 [wight/+5 trident (4)]
  5182 | D:6      | Killed from afar by a white imp

Illustrated notes

Levels and vault maps discovered:
D:1:      lemuel_arrival_cross, layout_basic, serial_co_window_serial,
          co_window_corner_a, co_window_paths_a, co_window_corner_a,
          co_window_paths_b, co_window_corner_a, co_window_unsneaky_path_d,
          co_window_corner_b, co_window_cross_2, co_window_2corner,
          co_window_broadway_a, co_window_paths_d, glass_columns_c,
          shapermc_ecumenical_altar_starsandcircs, st_stairs_6
D:2:      layout_basic, serial_shops, shop
D:3:      layout_rooms, led_sif_book, minivault_19, uniq_natasha
D:4:      layout_rooms, serial_shops, nicolae_shop_mannequins,
          minmay_a_box_with_orc_wizards_in_it
D:5:      layout_gridville, led_xom_imps, uniq_edmund
D:6:      kennysheep_slugbush, layout_basic, uniq_duvessa

Skill      XL: |  1  2  3  4  5  6  7  8 |
---------------+-------------------------+-----
Dodging        | 3 4 5 |  5.8
Fighting       | 4 5 7 |  7.9
Polearms       | 3 |  3.4
Shields        | 4 |  4.3
Spellcasting   | 3 4 |  4.1
Maces & Flails | 2 3 |  3.7

Action                     |  1- 3 |  4- 6 |  7- 9 || total
---------------------------+-------+-------+-------++-------
  Melee: Trident           |   102 |    73 |       ||   175
         Tailslap          |     5 |    17 |    10 ||    32
         Flail             |       |   133 |    76 ||   209
Ability: Breathe Fire      |       |       |     8 ||     8
    Use: Scroll            |       |       |     4 ||     4
         Potion            |       |       |     2 ||     2
   Stab: Sleeping          |     1 |     1 |       ||     2
         Distracted        |     1 |       |       ||     1
 Armour: Skin              |    17 |   121 |    27 ||   165
  Dodge: Dodged            |    37 |   171 |    64 ||   272
  Block: Buckler           |    12 |    59 |    25 ||    96
